 Dungeon Sprint DCSS version 0.32-a0-450-g080537f31e (webtiles) character file.

Game seed: 15348035526588744936

66 adelrune the Shield-Bearer (level 4, -4/38 HPs)
             Began as a Formicid Fighter on Feb 23, 2024.
             Incinerated by a bombardier beetle (6 damage)
             ... with a burning spray
             ... in the Dungeon (Sprint IX: "|||||||||||||||||||||||||||||").
             The game lasted 00:00:30 (36 turns).

adelrune the Shield-Bearer (Formicid Fighter)         Turns: 36, Time: 00:00:31

Health: -4/38      AC:  7    Str: 22    XL:     4   Next: 37%
Magic:  4/4        EV: 10    Int:  8    God:
Gold:   0          SH:  5    Dex: 13    Spells: 3/3 levels left

rFire   . . .        a - +0 war axe
rCold   . . .        c - +0 buckler
rNeg    . . .        b - +0 scale mail
rPois   .            (helmet unavailable)
rElec   .            (no cloak)
rCorr   .            (no gloves)
SInv    +            (no boots)
Will    .....        (no amulet) Stlth
                     (no ring)
HPRegen 0.26/turn    (no ring)
MPRegen 0.09/turn

%: no passive effects
@: mighty, on fire, glowing
A: permanent stasis, dig shafts and tunnels, antennae 3, four strong arms
a: Dig


You were in the Dungeon.
You visited 1 branch

Inventory:

Hand Weapons
 a - a +0 war axe (weapon)
Armour
 b - a +0 scale mail (worn)
 c - a +0 buckler (worn)
Potions
 f - a potion of heal wounds
 g - 2 potions of magic


   Skills:
 + Level 4.7 Fighting
 * Level 4.8 Axes
 + Level 4.7 Armour
 + Level 2.4 Dodging
 + Level 5.7 Shields


You had 3 spell levels left.
You didn't know any spells.
Your spell library was empty.

Dungeon Overview and Level Annotations

Branches:
Dungeon (1/1)

Altars:


Innate Abilities, Weirdness & Mutations

You cannot be hasted, slowed, berserked, paralysed or teleported.
You can dig through walls and to a lower floor.
You have a pair of large antennae on your head. (SInv)
Your four strong arms can wield two-handed weapons with a shield.


Message History

Your Shields skill increases to level 5!
You have reached level 3!
Your experience leads to an increase in your attributes!
Increase (S)trength, (I)ntelligence, or (D)exterity?
You feel stronger. x2
You have reached level 4!
You feel clever.
You barely miss the orc. The orc hits you but does no damage.
You slash the orc!
You kill the orc!
The bombardier beetle sprays incendiary fluid at you.
The burning spray misses you.
The bombardier beetle sprays incendiary fluid at you.
The burning spray hits you.
You are covered in liquid fire!
There is an open door here.
You see here a +0 dagger.
You barely miss the bombardier beetle. The liquid fire burns you!
You hit the bombardier beetle.
The bombardier beetle is moderately wounded.
The liquid fire burns you!
The bombardier beetle sprays incendiary fluid at you.
The burning spray hits you.
You are even more covered in liquid fire!
You barely miss the bombardier beetle.
The bombardier beetle is moderately wounded.
The liquid fire burns you!
* * * LOW HITPOINT WARNING * * *
You block the bombardier beetle's attack.
You hit the bombardier beetle.
The bombardier beetle is heavily wounded.
The liquid fire burns you!
* * * LOW HITPOINT WARNING * * *
The bombardier beetle waves its antennae.
The bombardier beetle bites you but does no damage.
You hit the bombardier beetle.
The bombardier beetle is severely wounded.
The liquid fire burns you!
You die... { ▓▓▓▓▓▓▓▓▓▓▓▓▓▓▓▓▓▓ +..oBB@.....)...<▓ ▓▓▓▓▓▓▓▓▓▓▓▓▓▓▓▓▓▓

You could see 2 bombardier beetles and an orc.

Vanquished Creatures
  A scorpion (D)
  An orc (D)
  A ball python (D)
  3 hobgoblins (D)
  A kobold (D)
7 creatures vanquished.

Notes
Turn   | Place    | Note
-------+----------+-------------------------------------------
     0 | D        | adelrune the Formicid Fighter began the quest for the Orb.
     0 | D        | Reached XP level 1. HP: 18/18 MP: 1/1
    13 | D        | Reached skill level 1 in Dodging
    13 | D        | Reached XP level 2. HP: 25/25 MP: 2/2
    19 | D        | Noticed a bombardier beetle
    19 | D        | Noticed a bombardier beetle
    19 | D        | Noticed a scorpion
    28 | D        | Killed a scorpion
    29 | D        | Reached skill level 5 in Shields
    29 | D        | Reached XP level 3. HP: 18/31 MP: 3/3
    29 | D        | Reached XP level 4. HP: 22/38 MP: 4/4
    36 | D        | Incinerated by a bombardier beetle

Illustrated notes

Levels and vault maps discovered:
D:        linesprint [early_d, line_temple, items_1, d_10, items_2, lair_1,
          lair_end, items_3, orc_1, orc_end, items_4, d_15, swamp_1, shoals_1,
          snake_1, spider_1, d_20, vaults_1, items_5, swamp_end, shoals_end,
          snake_end, spider_end, vaults_end, d_27, items_6, zot_1, zot_end,
          crypt_end, forest_end, elf_end, slime_end, tomb_end, abyss_end,
          pan_hell_end]

Skill      XL: |  1  2 |
---------------+-------+-----
Dodging        | 1 2 |  2.4
Fighting       | 4 |  4.7
Axes           | 4 |  4.8
Armour         | 4 |  4.7
Shields        | 5 |  5.7

Action                     |  1- 3 |  4- 6 || total
---------------------------+-------+-------++-------
  Melee: War axe           |    16 |     7 ||    23
    Use: Potion            |     2 |       ||     2
 Armour: Scale mail        |     8 |     2 ||    10
  Dodge: Dodged            |    11 |     1 ||    12
  Block: Buckler           |     2 |     1 ||     3

Table legend: (Time is in decaauts)
 A = Elapsed time spent in this place.
 B = Non-inter-level travel time spent in this place.
 C = Inter-level travel time spent in this place.
 D = Time resting spent in this place.
 E = Time spent auto-exploring this place.
 F = Levels seen in this place.
 G = Mean time per level.
                   A        B        C        D        E       F      G
               +--------+--------+--------+--------+--------+-----+--------+
         Total |     44 |     44 |      0 |      0 |      0 |   1 |   44.0 |
       Dungeon |     44 |     44 |      0 |      0 |      0 |   1 |   44.0 |
               +--------+--------+--------+--------+--------+-----+--------+

Top non-repeatable levels by time:
       D: 44 daAuts
